 Dungeon Crawl Stone Soup version 0.26-a0-40-gfe7b5d5a6f (webtiles) character file.

Game seed: 13469553320243693345, levelgen mode: deterministic

4372 Nixze the Grappler (level 10, -1/100 HPs)
             Began as a Troll Monk on May 31, 2020.
             Was a High Priest of Okawaru.
             Slain by a queen bee (10 damage)
             ... on level 8 of the Dungeon.
             The game lasted 00:13:24 (7487 turns).

Nixze the Grappler (Troll Monk)                     Turns: 7487, Time: 00:13:25

Health: -1/100     AC:  9    Str: 24      XL:     10   Next: 13%
Magic:  9/9        EV: 12    Int:  6      God:    Okawaru [*****.]
Gold:   427        SH:  0    Dex:  9 (12) Spells: 9/9 levels left

rFire    . . .     SeeInvis +     - Unarmed
rCold    . . .     Gourm    +   (no shield)
rNeg     . . .     Faith    +   a - +1 robe
rPois    .         Spirit   .   p - +2 hat {SInv}
rElec    .         Reflect  .   n - scarf {harm}
rCorr    .         Harm     .   (gloves unavailable)
MR       .....                  (boots unavailable)
Stlth    +.........             s - amulet of faith
HPRegen  0.66/turn              t - ring of wizardry
MPRegen  0.11/turn              (no ring)

@: about to teleport
A: large, unfitting armour, beak, claws 3, fast metabolism 3, gourmand,
regeneration 1, shaggy fur 1, tough skin 3, wild magic 1
a: Heroism, Finesse, Renounce Religion


You were on level 8 of the Dungeon.
You worshipped Okawaru.
Okawaru was extremely pleased with you.
You were very full.

You visited 2 branches of the dungeon, and saw 10 of its levels.

You collected 427 gold pieces.

Inventory:

Missiles
 e - 185 stones (quivered)
 r - 42 poisoned darts
 v - 5 atropa-tipped darts
 z - a large rock
Armour
 a - a +1 robe (worn)
 n - a scarf of harm (worn)
 p - a +2 hat of see invisible (worn)
Jewellery
 s - an amulet of faith (around neck)
 t - a ring of wizardry (left claw)
Wands
 y - a wand of flame (7)
Scrolls
 c - 2 scrolls of teleportation
 d - 3 scrolls of enchant weapon
 g - 3 scrolls of magic mapping
 i - 6 scrolls of remove curse
 l - 2 scrolls of fear
 q - 2 scrolls of amnesia
 w - a scroll of identify
Potions
 f - a potion of cancellation
 h - a potion of haste {unknown}
 j - 2 potions of stabbing
 k - 2 potions of lignification
 m - 2 potions of brilliance
 o - 3 potions of curing
 u - a potion of might {unknown}
 x - a potion of flight {unknown}
 A - a potion of ambrosia {unknown}
 B - a potion of berserk rage {unknown}
Comestibles
 b - 12 rations


   Skills:
 + Level 6.6 Fighting
 + Level 6.6 Dodging
 - Level 1.0 Stealth
 * Level 10.7 Unarmed Combat
 * Level 1.3 Invocations


You had 9 spell levels left.
You didn't know any spells.
Your spell library contained the following spells:

 Spells                   Type           Power        Failure   Level  Hunger
 Freeze                   Ice            #...         26%         1    ##.....
 Frozen Ramparts          Ice            #.....       56%         3    ####...
 Ozocubu's Armour         Chrm/Ice       #.......     56%         3    ####...
 Hailstorm                Conj/Ice       #.......     89%         4    #####..
 Summon Ice Beast         Ice/Summ       #.......     89%         4    #####..


Dungeon Overview and Level Annotations

Branches:
Dungeon (9/15)             Temple (1/1) D:4
   Lair: D:8-11         Orc: D:9-12

Altars:
Ashenzari
Cheibriados
Dithmenos
Elyvilon
Fedhas
Gozag
Hepliaklqana
Kikubaaqudgha
Makhleb
Nemelex Xobeh
Okawaru
Qazlal
Ru
Sif Muna
Trog
Uskayaw
Vehumet
Wu Jian
Xom
Yredelemnul
Zin
The Shining One


Innate Abilities, Weirdness & Mutations

You are too large for most types of armour.
You have claws for hands.
Your metabolism is lightning-fast.
You like to eat raw meat.
Your natural rate of healing is unusually fast.
You are covered in fur. (AC +1)
You have extremely tough skin. (AC +3)
You have a beak for a mouth.
Your spells are a little harder to cast, but a little more powerful.


Message History

As you read the scroll of fear, it crumbles to dust.
You assume a fearsome visage.
The killer bee looks frightened! x2
The queen bee easily resists.
The killer bee looks frightened! x3
You feel sick. The killer bee stings you.
* * * LOW HITPOINT WARNING * * *
You are more poisoned.
The killer bee poisons you! The killer bee closely misses you.
The killer bee barely misses you. The queen bee stings you.
* * * LOW HITPOINT WARNING * * *
As you read the scroll of teleportation, it crumbles to dust.
You feel strangely unstable.
You feel sick. The killer bee stings you.
* * * LOW HITPOINT WARNING * * *
The killer bee stings you!
* * * LOW HITPOINT WARNING * * *
The killer bee misses you. The queen bee closely misses you.
You feel better. The killer bee barely misses you. The killer bee stings you!
* * * LOW HITPOINT WARNING * * *
The killer bee stings you but does no damage.
The queen bee stings you!
You die...

#.##.## #. #.##..#
### #.###.####..
#######.# #.#....#
#...y...###...####
#.......##...##
#.......##.#..#
#.y.....##.##.#
#@†.....##.##.#
#.y...........####
#.......##.#......
#.......y..####.#.
#...yy.##.#####.##
######........#.#
#).#####.#.# ##[.#
#...## #.).#
###..#


You could see a queen bee and 5 killer bees.

Vanquished Creatures
  A wyvern (D:8)
  3 orc warriors (D:6)
  4 sky beasts
  3 ice beasts
  6 phantoms
  2 ogres
  3 centaurs
  7 bullfrogs
  7 killer bees (D:8)
  2 howler monkeys
  A bullfrog zombie (D:7)
  3 centaur zombies
  4 crimson imps
  A quasit (D:8)
  A jelly (D:5)
  A hound (D:7)
  A bullfrog skeleton (D:5)
  8 orc priests
  7 orc wizards
  3 centaur skeletons
  3 iguanas
  7 worker ants
  3 hound skeletons
  A worker ant zombie (D:8)
  6 gnolls
  11 adders
  6 shadow imps
  An adder zombie (D:8)
  An adder skeleton (D:6)
  3 worms (D:4)
  4 dart slugs
  4 leopard geckos
  37 orcs
  A ball python (D:5)
  13 bats
  5 giant cockroaches
  8 goblins
  5 hobgoblins
  9 jackals
  6 quokkas
  2 frilled lizards
  2 kobolds
  A quokka zombie (D:5)
  8 rats
215 creatures vanquished.

Notes
Turn   | Place    | Note
-------+----------+-------------------------------------------
     0 | D:1      | Nixze the Troll Monk began the quest for the Orb.
     0 | D:1      | Reached XP level 1. HP: 22/22 MP: 0/0
   160 | D:1      | Reached XP level 2. HP: 29/29 MP: 1/1
   648 | D:2      | Reached XP level 3. HP: 36/36 MP: 2/2
   943 | D:2      | Reached skill level 4 in Unarmed Combat
  1030 | D:2      | Reached XP level 4. HP: 44/44 MP: 3/3
  1515 | D:2      | Found an iron altar of Okawaru.
  1526 | D:2      | Became a worshipper of Warmaster Okawaru
  1526 | D:2      | Reached * piety under Okawaru
  1526 | D:2      | Reached ** piety under Okawaru
  1674 | D:3      | Reached XP level 5. HP: 50/53 MP: 4/4
  1719 | D:3      | Found a shadowy altar of Dithmenos.
  2630 | D:4      | Noticed a phantom
  2655 | D:4      | Killed a phantom
  2655 | D:4      | Reached skill level 5 in Unarmed Combat
  2655 | D:4      | Reached XP level 6. HP: 56/61 MP: 5/5
  2686 | D:4      | Found a staircase to the Ecumenical Temple.
  2936 | D:4      | Reached *** piety under Okawaru
  2936 | D:4      | Reached skill level 6 in Unarmed Combat
  2936 | D:4      | Reached XP level 7. HP: 56/68 MP: 6/6
  3192 | D:4      | Found a sacrificial altar of Ru.
  3302 | Temple   | Entered the Ecumenical Temple
  3562 | D:5      | Entered Level 5 of the Dungeon
  3774 | D:5      | Reached skill level 7 in Unarmed Combat
  3867 | D:5      | Reached XP level 8. HP: 75/79 MP: 7/7
  4210 | D:5      | Reached **** piety under Okawaru
  4537 | D:6      | Reached skill level 5 in Fighting
  4537 | D:6      | Reached skill level 5 in Dodging
  4537 | D:6      | Reached skill level 8 in Unarmed Combat
  4768 | D:6      | You fall into a shaft and drop 3 floors!
  4991 | D:6      | Reached XP level 9. HP: 81/88 MP: 8/8
  5223 | D:6      | Reached skill level 9 in Unarmed Combat
  5623 | D:7      | Reached ***** piety under Okawaru
  6211 | D:7      | Reached skill level 10 in Unarmed Combat
  6529 | D:8      | Received a gift from Okawaru
  6771 | D:8      | Gained mutation: Your spells are a little harder to cast,
                  | but a little more powerful. [potion of mutation]
  6771 | D:8      | Gained mutation: You have a beak for a mouth. [potion of
                  | mutation]
  6796 | D:8      | Reached XP level 10. HP: 13/100 MP: 6/9
  7102 | D:8      | Reached skill level 1 in Invocations
  7207 | D:9      | Noticed a cyclops
  7209 | D:9      | Noticed a two-headed ogre
  7487 | D:8      | Slain by a queen bee

Illustrated notes

Levels and vault maps discovered:
D:1:      dpeg_arrival_radiant, layout_basic
D:2:      wad_pebble_path, layout_basic, okawaru_altar_gauntlet_db
D:3:      layout_loops_ring, grunt_dithmenos_smoke, first_ration
D:4:      layout_basic, minmay_temple_entry_ruins,
          nicolae_ru_the_path_less_chosen
D:5:      layout_loops_cross
D:6:      layout_basic
D:7:      layout_loops_ring
D:8:      layout_rooms
D:9:      statuecave_lemuel, layout_rooms, david_nohive_1
Temple:   compressed_dpeg_triangle_lava_temple

Skill      XL: |  1  2  3  4  5  6  7  8  9 10 |
---------------+-------------------------------+-----
Unarmed Combat | 4 5 6 7 8 10 | 10.7
Fighting       | 3 4 5 6 |  6.6
Dodging        | 3 4 5 6 |  6.6
Invocations    | 1 |  1.3
Stealth        | |  1.0

Action                   |  1- 3 |  4- 6 |  7- 9 | 10-12 || total
-------------------------+-------+-------+-------+-------++-------
Melee: Unarmed           |    82 |   135 |   398 |    32 ||   647
       Punch             |     1 |     4 |     9 |     1 ||    15
       Peck              |       |       |     1 |     4 ||     5
Throw: Stone             |     8 |    39 |       |       ||    47
Invok: Heroism           |       |       |     1 |       ||     1
  Use: Scroll            |       |    12 |     3 |     2 ||    17
       Potion            |       |       |     2 |     2 ||     4
 Stab: Sleeping          |     4 |     3 |     5 |       ||    12
       Distracted        |       |       |     1 |       ||     1
  Eat: Chunk             |    15 |    13 |    39 |     5 ||    72
Armor: Robe              |    47 |    39 |   130 |    22 ||   238
Dodge: Dodged            |    50 |    61 |   213 |    49 ||   373

Table legend:
 A = Non-vault XP
 B = Vault XP
 C = Vault XP percentage of total XP
 D = Non-vault monster count
 E = Vault monster count
 F = Vault count percentage of total count
                 A         B        C        D         E       F
            +---------+---------+-------+---------+---------+-------
      Total |    6094 |     152 |   2.4 |     207 |       8 |   3.7
            +---------+---------+-------+---------+---------+-------
        D:1 |      33 |       0 |   0.0 |      18 |       0 |   0.0
        D:2 |     125 |      26 |  17.2 |      24 |       6 |  20.0
        D:3 |      48 |       0 |   0.0 |      15 |       0 |   0.0
        D:4 |     597 |       0 |   0.0 |      15 |       0 |   0.0
        D:5 |     735 |       0 |   0.0 |      22 |       0 |   0.0
        D:6 |    1487 |       0 |   0.0 |      44 |       0 |   0.0
        D:7 |    1364 |       0 |   0.0 |      29 |       0 |   0.0
        D:8 |    1598 |     126 |   7.3 |      35 |       2 |   5.4
        D:9 |     107 |       0 |   0.0 |       5 |       0 |   0.0
            +---------+---------+-------+---------+---------+-------
